Sasquatch vs Thunder

Created - 2 décembre 2014 at 19:07

Goals
1 2 3 T
Sasquatch 0 3 0 3
Thunder 0 1 0 1
Shots
1 2 3 T
Sasquatch 12 11 0 23
Thunder 4 10 7 21

1st period

No Goal

Penalties :
Kyle Clifford (Gat) for Tripping (Minor) at 6:49

2nd period

1. Sasquatch , Kyle Clifford 4 (Stephane Da Costa, Keith Yandle) at 8:53
2. Thunder , Samuel Pahlsson 23 (Derek Peltier) at 10:23
3. Sasquatch , Josh Bailey 8 (Matt Frattin, Cam Atkinson) at 11:19
4. Sasquatch , Kyle Clifford 5 (Stephane Da Costa, Yann Sauvé) at 13:09

Penalties :
Samuel Pahlsson (TRO) for Slashing (Minor) at 0:03, Jake Gardiner (Gat) for Hooking (Minor) at 6:10, Jakub Voracek (Gat) for Tripping (Minor) at 18:07

3rd period

No Goal

Penalties :
Matt Niskanen (Gat) for Hooking (Minor) at 1:09, Oskar Osala (Gat) for High sticking (Double Minor) at 4:39, Nick Leddy (Gat) for Tripping (Minor) at 11:04

Goalie Stats

Marek Schwarz (Gat), 20 saves from 21 shots - (0,952), W, 4-3-2, 60:00 minutes
Ben Bishop (TRO), 20 saves from 23 shots - (0,870), L, 11-11-2, 60:00 minutes

Players Stats for Sasquatch

Player Name              G  A  P  +/- PIM S  H  SB GA TA FO     MP     PP MP  PK MP  
------------------------------------------------------------------------------------
Brandon Bochenski        0  0  0   0  0   1  0  1  0  1  1/2    17:04   0:56   4:21 
Cam Atkinson             0  1  1   1  0   0  1  0  0  0  0/0     9:19   0:00   0:00 
D.J King                 0  0  0   0  0   6  0  0  0  1  0/0    22:11   1:03   7:06 
Derek Stepan             0  0  0   0  0   0  2  0  0  1  11/27  17:30   1:03   3:00 
Jake Gardiner            0  0  0   1  2   1  1  1  0  0  0/0    26:18   1:04   6:35 
Jakub Voracek            0  0  0   0  2   1  0  2  0  0  1/1    15:08   1:03   0:00 
Joe Corvo                0  0  0  -1  0   1  1  3  1  1  0/0    21:14   1:04   7:56 
Josh Bailey              1  0  1   1  0   3  4  0  0  0  0/0     8:57   0:00   0:22 
Keith Yandle             0  1  1   1  0   0  0  0  0  0  0/0    22:17   0:00   5:33 
Kevin Porter             0  0  0   0  0   3  0  1  0  1  8/15   19:58   0:56   6:56 
Kyle Clifford            2  0  2   1  2   3  2  0  0  1  0/0    12:52   0:00   2:04 
Luke Adam                0  0  0   1  0   0  0  0  0  0  1/1     6:54   0:00   0:00 
Matt Frattin             0  1  1   1  0   1  0  0  0  0  0/0     8:21   0:00   0:00 
Matt Niskanen            0  0  0   2  2   0  1  0  1  1  0/0    19:40   0:55   4:36 
Nick Leddy               0  0  0  -1  2   0  0  0  0  0  0/0    15:27   0:55   2:53 
Oskar Osala              0  0  0   0  4   1  3  2  1  0  0/0    15:29   0:56   3:02 
Stephane Da Costa        0  2  2   1  0   2  1  0  0  0  3/6    11:41   0:00   0:57 
Yann Sauvé               0  1  1   2  0   0  1  1  0  0  0/0    15:40   0:00   0:15 

Players Stats for Thunder

Player Name              G  A  P  +/- PIM S  H  SB GA TA FO     MP     PP MP  PK MP  
------------------------------------------------------------------------------------
Brandon Mashinter        0  0  0  -1  0   0  0  0  1  0  3/5    12:31   0:00   0:44 
Brett Festerling         0  0  0   0  0   0  0  0  0  0  0/0     1:24   0:46   0:00 
Casey Pierro-Zabotel     0  0  0  -1  0   0  1  0  0  0  0/0    11:48   0:31   0:06 
Colby Cohen              0  0  0   0  0   0  0  0  0  0  0/0     0:00   0:00   0:00 
Dany Roussin             0  0  0  -2  0   1  3  0  2  0  0/0    20:33   5:34   0:54 
Daultan Leveillé         0  0  0   0  0   0  0  0  0  0  0/0     6:06   0:14   0:21 
David Fischer            0  0  0   0  0   0  0  0  0  0  0/0     5:14   0:00   0:00 
Derek Peltier            0  1  1   0  0   1  0  2  0  1  0/0    19:47   6:36   0:45 
Doug Janik               0  0  0  -1  0   1  1  0  1  0  0/0    25:07   6:59   1:14 
Jannik Hansen            0  0  0   0  0   0  1  0  0  0  0/0     8:35   0:58   0:00 
Jesse Blacker            0  0  0   0  0   0  0  0  0  0  0/0     0:00   0:00   0:00 
Joey Ryan                0  0  0  -1  0   0  0  0  0  0  0/0     9:52   0:19   0:00 
Kelly Zajac              0  0  0   0  0   0  0  0  0  0  0/0     0:00   0:00   0:00 
Kevin Montgomery         0  0  0   0  0   0  0  0  0  0  0/0     5:14   0:00   0:00 
Mat Clark                0  0  0   0  0   0  0  0  0  0  0/0     0:00   0:00   0:00 
Matt D'Agostini          0  0  0  -2  0   0  1  0  0  0  0/1    19:34   5:34   0:00 
Pierre-Alexandre Parente 0  0  0   1  0   5  0  0  0  0  0/0    20:23   7:21   0:00 
Ray Macias               0  0  0   0  0   0  0  0  0  0  0/0    19:47   6:36   0:45 
Robin Leblanc            0  0  0  -1  0   4  1  0  0  0  0/1    12:32   0:51   0:00 
Samuel Pahlsson          1  0  1   1  2   4  0  1  0  0  18/31  22:48   7:16   0:00 
Scott Parse              0  0  0   1  0   0  3  0  0  2  0/1    21:36   7:22   0:59 
Slava Voynov             0  0  0  -1  0   1  0  0  0  0  0/0     9:33   0:00   0:00 
Taylor Doherty           0  0  0   0  0   0  0  0  0  0  0/0     0:00   0:00   0:00 
Tim Gleason              0  0  0  -1  0   2  3  1  3  0  0/0    25:07   6:59   1:14 
Tom Pyatt                0  0  0  -2  0   2  1  0  0  0  6/13   20:29   5:34   0:54 

3 Stars

1 - Kyle Clifford (Gat)
2 - Josh Bailey (Gat)
3 - Marek Schwarz (Gat)

Power Play

Sasquatch - 0 on 1 Attempt(s) - 0,00%
Thunder - 0 on 7 Attempt(s) - 0,00%

Penalty Kill

Sasquatch - 7 on 7 Attempt(s) - 100,00% - Score 0 goal in Penalty Kill
Thunder - 1 on 1 Attempt(s) - 100,00% - Score 0 goal in Penalty Kill

Official

Referees : O'Rourke Dan and LaRue Dennis
Linesman : Tony Sericolo and Greg Devorski

Game Notes

No Game Note

Finance

Level 1 -- Attendance: 1397 (69,85%) -- Ticket Income 48 895 $
Level 2 -- Attendance: 768 (76,80%) -- Ticket Income 11 520 $
Total Attendance: 2165 (72,17%)
Total Ticket Income: 60 415 $
Other Income: 3 021 $
Total Income: 63 436 $

Sasquatch

5 vs 5 Forward 
   Center                   Left Wing                Right Wing               Time % Phy DF OF 
 1 Derek Stepan             D.J King                 Jakub Voracek            40     1   2  2  
 2 Kevin Porter             Oskar Osala              Brandon Bochenski        30     1   2  2  
 3 Stephane Da Costa        Kyle Clifford            Cam Atkinson             20     1   2  2  
 4 Luke Adam                Josh Bailey              Matt Frattin             10     1   2  2  

5 vs 5 Defense 
   Defense                  Defense                                           Time % Phy DF OF 
 1 Keith Yandle             Jake Gardiner                                     40     1   2  2  
 2 Matt Niskanen            Yann Sauvé                                        30     1   2  2  
 3 Joe Corvo                Nick Leddy                                        20     1   2  2  
 4 Joe Corvo                Jake Gardiner                                     10     1   2  2  

PowerPlay Forward 
   Center                   Left Wing                Right Wing               Time % Phy DF OF 
 1 Derek Stepan             D.J King                 Jakub Voracek            60     1   2  2  
 2 Kevin Porter             Oskar Osala              Brandon Bochenski        40     1   2  2  

PowerPlay Defense
   Defense                  Defense                                           Time % Phy DF OF 
 1 Joe Corvo                Jake Gardiner                                     60     1   2  2  
 2 Matt Niskanen            Nick Leddy                                        40     1   2  2  

Penalty Kill 4 Players Forward 
   Center                   Wing                     Time % Phy DF OF 
 1 Kevin Porter             D.J King                 60     1   2  2  
 2 Brandon Bochenski        Oskar Osala              40     1   2  2  

Penalty Kill 4 Players Defense
   Defense                  Defense                  Time % Phy DF OF 
 1 Joe Corvo                Jake Gardiner            60     1   2  2  
 2 Matt Niskanen            Keith Yandle             40     1   2  2  

Penalty Kill - 3 Players Forward 
   Forward                                           Time % Phy DF OF 
 1 Kevin Porter                                      60     1   2  2  
 2 D.J King                                          40     1   2  2  

Penalty Kill - 3 Players Defense
   Defense                  Defense                  Time % Phy DF OF 
 1 Joe Corvo                Jake Gardiner            60     1   2  2  
 2 Matt Niskanen            Keith Yandle             40     1   2  2  

4 vs 4 Forward 
   Center                   Wing                     Time % Phy DF OF 
 1 Kevin Porter             D.J King                 60     1   2  2  
 2 Derek Stepan             Jakub Voracek            40     1   2  2  

4 vs 4 Defense
   Defense                  Defense                  Time % Phy DF OF 
 1 Joe Corvo                Jake Gardiner            60     1   2  2  
 2 Matt Niskanen            Keith Yandle             40     1   2  2  

Last Minutes Offensive
   Center                   Left Wing                Right Wing               Defense                  Defense                  
   Derek Stepan             D.J King                 Jakub Voracek            Joe Corvo                Jake Gardiner            

Last Minutes Defensive
   Center                   Left Wing                Right Wing               Defense                  Defense                  
   Kevin Porter             D.J King                 Jakub Voracek            Joe Corvo                Jake Gardiner            

Goaltenders
Starting : Marek Schwarz            
Backup : Anders Lindback          

Extra Forwards
Normal : Brandon Bochenski, Stephane Da Costa, Josh Bailey - PP : Brandon Bochenski, Stephane Da Costa - PK : Derek Stepan
Extra Defensemen
Normal : Yann Sauvé, Nick Leddy, Matt Niskanen - PP : Yann Sauvé - PK : Nick Leddy, Matt Niskanen
Penalty Shots
Cam Atkinson, Oskar Osala, Brandon Bochenski, Joe Corvo, Matt Frattin

Thunder

5 vs 5 Forward 
   Center                   Left Wing                Right Wing               Time % Phy DF OF 
 1 Samuel Pahlsson          Scott Parse              Pierre-Alexandre Parentea40     1   2  2  
 2 Tom Pyatt                Dany Roussin             Matt D'Agostini          30     1   2  2  
 3 Brandon Mashinter        Casey Pierro-Zabotel     Robin Leblanc            20     1   2  2  
 4 Daultan Leveillé         Samuel Pahlsson          Jannik Hansen            10     1   2  2  

5 vs 5 Defense 
   Defense                  Defense                                           Time % Phy DF OF 
 1 Tim Gleason              Doug Janik                                        40     1   2  2  
 2 Ray Macias               Derek Peltier                                     30     1   2  2  
 3 Joey Ryan                Slava Voynov                                      20     1   2  2  
 4 Kevin Montgomery         David Fischer                                     10     1   2  2  

PowerPlay Forward 
   Center                   Left Wing                Right Wing               Time % Phy DF OF 
 1 Samuel Pahlsson          Scott Parse              Pierre-Alexandre Parentea60     1   2  2  
 2 Tom Pyatt                Dany Roussin             Matt D'Agostini          40     1   2  2  

PowerPlay Defense
   Defense                  Defense                                           Time % Phy DF OF 
 1 Tim Gleason              Doug Janik                                        60     1   2  2  
 2 Ray Macias               Derek Peltier                                     40     1   2  2  

Penalty Kill 4 Players Forward 
   Center                   Wing                     Time % Phy DF OF 
 1 Samuel Pahlsson          Scott Parse              60     1   2  2  
 2 Dany Roussin             Pierre-Alexandre Parentea40     1   2  2  

Penalty Kill 4 Players Defense
   Defense                  Defense                  Time % Phy DF OF 
 1 Tim Gleason              Doug Janik               60     1   2  2  
 2 Ray Macias               Derek Peltier            40     1   2  2  

Penalty Kill - 3 Players Forward 
   Forward                                           Time % Phy DF OF 
 1 Samuel Pahlsson                                   60     1   2  2  
 2 Scott Parse                                       40     1   2  2  

Penalty Kill - 3 Players Defense
   Defense                  Defense                  Time % Phy DF OF 
 1 Tim Gleason              Doug Janik               60     1   2  2  
 2 Ray Macias               Derek Peltier            40     1   2  2  

4 vs 4 Forward 
   Center                   Wing                     Time % Phy DF OF 
 1 Samuel Pahlsson          Scott Parse              60     1   2  2  
 2 Dany Roussin             Pierre-Alexandre Parentea40     1   2  2  

4 vs 4 Defense
   Defense                  Defense                  Time % Phy DF OF 
 1 Tim Gleason              Doug Janik               60     1   2  2  
 2 Ray Macias               Derek Peltier            40     1   2  2  

Last Minutes Offensive
   Center                   Left Wing                Right Wing               Defense                  Defense                  
   Samuel Pahlsson          Scott Parse              Pierre-Alexandre ParenteaTim Gleason              Doug Janik               

Last Minutes Defensive
   Center                   Left Wing                Right Wing               Defense                  Defense                  
   Samuel Pahlsson          Scott Parse              Pierre-Alexandre ParenteaTim Gleason              Doug Janik               

Goaltenders
Starting : Ben Bishop               
Backup : Devan Dubnyk             

Extra Forwards
Normal : Robin Leblanc, Jannik Hansen, Brandon Mashinter - PP : Robin Leblanc, Jannik Hansen - PK : Brandon Mashinter
Extra Defensemen
Normal : Joey Ryan, Slava Voynov, Kevin Montgomery - PP : Joey Ryan - PK : Slava Voynov, Kevin Montgomery
Penalty Shots
Samuel Pahlsson, Scott Parse, Dany Roussin, Pierre-Alexandre Parenteau, Matt D'Agostini

% Time on Ice - Sasquatch

Lines # - Real PCT - Wanted PCT - Time Play
Normal Forward
1 - 32% - 40% - 14:02
2 - 32% - 30% - 14:07
3 - 21% - 20% - 9:04
4 - 16% - 10% - 6:54
Normal Defense
1 - 40% - 40% - 17:42
2 - 35% - 30% - 15:17
3 - 19% - 20% - 8:23
4 - 6% - 10% - 2:45
PP Forward
1 - 53% - 60% - 1:03
2 - 47% - 40% - 0:56
PP Defense
1 - 54% - 60% - 1:04
2 - 46% - 40% - 0:55
PK Forward
1 - 69% - 60% - 9:33
2 - 31% - 40% - 4:21
PK Defense
1 - 63% - 60% - 8:42
2 - 37% - 40% - 5:12
PK3 Forward
1 - 0% - 60%
2 - 0% - 40%
PK3 Defense
1 - 0% - 60%
2 - 0% - 40%
44 Forward
1 - 0% - 60%
2 - 0% - 40%
44 Defense
1 - 0% - 60%
2 - 0% - 40%
Last Minute Offensive  - 0:00
Last Minute Defensive  - 0:00
Total
Forward - 60:00
Defense - 60:00

% Time on Ice - Thunder

Lines # - Real PCT - Wanted PCT - Time Play
Normal Forward
1 - 29% - 40% - 12:45
2 - 38% - 30% - 16:35
3 - 22% - 20% - 9:43
4 - 11% - 10% - 5:04
Normal Defense
1 - 38% - 40% - 16:54
2 - 28% - 30% - 12:26
3 - 22% - 20% - 9:33
4 - 12% - 10% - 5:14
PP Forward
1 - 58% - 60% - 8:03
2 - 42% - 40% - 5:51
PP Defense
1 - 53% - 60% - 7:18
2 - 47% - 40% - 6:36
PK Forward
1 - 100% - 60% - 1:59
2 - 0% - 40% - 0:00
PK Defense
1 - 62% - 60% - 1:14
2 - 38% - 40% - 0:45
PK3 Forward
1 - 0% - 60%
2 - 0% - 40%
PK3 Defense
1 - 0% - 60%
2 - 0% - 40%
44 Forward
1 - 0% - 60%
2 - 0% - 40%
44 Defense
1 - 0% - 60%
2 - 0% - 40%
Last Minute Offensive  - 0:00
Last Minute Defensive  - 0:00
Total
Forward - 60:00
Defense - 60:00

Play by Play

1st period


0:01 of 1st period - Derek Stepan wins face-off versus Samuel Pahlsson in neutral zone.
0:04 of 1st period - Slapshot by Keith Yandle.
0:04 of 1st period - Shot Blocked by Tim Gleason.
0:06 of 1st period - Slapshot by D.J King.
0:06 of 1st period - Stopped by Ben Bishop without a rebound.
0:07 of 1st period - Derek Stepan wins face-off versus Samuel Pahlsson in Thunder zone.
0:22 of 1st period - Slapshot by D.J King.
0:22 of 1st period - Stopped by Ben Bishop without a rebound.
0:23 of 1st period - Tom Pyatt wins face-off versus Kevin Porter in Thunder zone.
0:57 of 1st period - Slapshot by Josh Bailey.
0:57 of 1st period - Shot Misses the Net.
0:59 of 1st period - Snap shot by Matt Frattin.
0:59 of 1st period - Shot Blocked by Derek Peltier.
1:01 of 1st period - Slapshot by Joe Corvo.
1:01 of 1st period - Deflect By Tom Pyatt.
1:01 of 1st period - Stopped by Ben Bishop with a rebound.
2:23 of 1st period - Slapshot by Josh Bailey.
2:23 of 1st period - Stopped by Ben Bishop without a rebound.
2:24 of 1st period - Jakub Voracek wins face-off versus Tom Pyatt in Thunder zone.
3:20 of 1st period - Off-side.
3:21 of 1st period - Derek Stepan wins face-off versus Tom Pyatt in neutral zone.
3:24 of 1st period - Wrist shot by Jakub Voracek.
3:24 of 1st period - Stopped by Ben Bishop with a rebound.
3:30 of 1st period - Snap shot by Dany Roussin.
3:30 of 1st period - Stopped by Marek Schwarz without a rebound.
3:31 of 1st period - Derek Stepan wins face-off versus Tom Pyatt in Sasquatch zone.
3:38 of 1st period - Slapshot by D.J King.
3:38 of 1st period - Stopped by Ben Bishop without a rebound.
3:39 of 1st period - Samuel Pahlsson wins face-off versus Derek Stepan in Thunder zone.
3:52 of 1st period - Snap shot by Jakub Voracek.
3:52 of 1st period - Shot Misses the Net.
3:54 of 1st period - Slapshot by D.J King.
3:54 of 1st period - Shot Misses the Net.
4:06 of 1st period - Keith Yandle is hit by Tim Gleason and loses puck.
4:31 of 1st period - Robin Leblanc is hit by Oskar Osala and loses puck.
4:53 of 1st period - Wrist shot by Tim Gleason.
4:53 of 1st period - Shot Misses the Net.
5:15 of 1st period - Wrist shot by Samuel Pahlsson.
5:15 of 1st period - Stopped by Marek Schwarz with a rebound.
5:17 of 1st period - Slapshot by Doug Janik.
5:17 of 1st period - Shot Blocked by Yann Sauvé.
5:37 of 1st period - Snap shot by Cam Atkinson.
5:37 of 1st period - Deflect By Stephane Da Costa.
5:37 of 1st period - Stopped by Ben Bishop with a rebound.
5:41 of 1st period - Slapshot by Stephane Da Costa.
5:41 of 1st period - Shot Misses the Net.
6:24 of 1st period - Matt D'Agostini is hit by Josh Bailey and loses puck.
6:29 of 1st period - Snap shot by Keith Yandle.
6:29 of 1st period - Shot Misses the Net.
6:49 of 1st period - Minor Penalty to Kyle Clifford for Tripping.
6:50 of 1st period - Kevin Porter wins face-off versus Samuel Pahlsson in Sasquatch zone.
7:25 of 1st period - Oskar Osala is hit by Matt D'Agostini and loses puck.
8:30 of 1st period - Kevin Porter is hit by Tim Gleason and loses puck.
8:41 of 1st period - Tim Gleason is hit by Oskar Osala and loses puck.
8:49 of 1st period - Penalty to Kyle Clifford is over, Kyle Clifford is back on ice.
10:18 of 1st period - Snap shot by Luke Adam.
10:18 of 1st period - Shot Misses the Net.
11:02 of 1st period - Wrist shot by Oskar Osala.
11:02 of 1st period - Shot Misses the Net.
11:08 of 1st period - Slapshot by Kevin Porter.
11:08 of 1st period - Stopped by Ben Bishop with a rebound.
11:15 of 1st period - Icing by Tim Gleason.
11:16 of 1st period - Stephane Da Costa wins face-off versus Tom Pyatt in Thunder zone.
11:46 of 1st period - Joe Corvo is hit by Scott Parse and loses puck.
12:03 of 1st period - Snap shot by Brandon Bochenski.
12:03 of 1st period - Stopped by Ben Bishop with a rebound.
12:05 of 1st period - Snap shot by Kevin Porter.
12:05 of 1st period - Shot Misses the Net.
13:01 of 1st period - Slapshot by Derek Stepan.
13:01 of 1st period - Shot Misses the Net.
13:39 of 1st period - Dany Roussin is hit by Joe Corvo.
14:50 of 1st period - Matt D'Agostini is hit by Derek Stepan and loses puck.
15:53 of 1st period - Tim Gleason is hit by Matt Niskanen and loses puck.
15:58 of 1st period - Wrist shot by Kevin Porter.
15:58 of 1st period - Stopped by Ben Bishop with a rebound.
16:00 of 1st period - Snap shot by Kevin Porter.
16:00 of 1st period - Stopped by Ben Bishop with a rebound.
16:53 of 1st period - Icing by Cam Atkinson.
16:54 of 1st period - Brandon Mashinter wins face-off versus Derek Stepan in Sasquatch zone.
17:03 of 1st period - Slapshot by Robin Leblanc.
17:03 of 1st period - Shot Misses the Net.
17:35 of 1st period - Pierre-Alexandre Parenteau is hit by Cam Atkinson and loses puck.
17:56 of 1st period - Snap shot by Robin Leblanc.
17:56 of 1st period - Stopped by Marek Schwarz with a rebound.
18:08 of 1st period - Wrist shot by Josh Bailey.
18:08 of 1st period - Stopped by Ben Bishop with a rebound.
18:50 of 1st period - Off-side.
18:51 of 1st period - Tom Pyatt wins face-off versus Stephane Da Costa in neutral zone.
19:25 of 1st period - Snap shot by Robin Leblanc.
19:25 of 1st period - Stopped by Marek Schwarz with a rebound.
Goals for this period are 0 for Sasquatch vs 0 for Thunder.
Shots for this period are 12 for Sasquatch vs 4 for Thunder.

2nd period


0:01 of 2nd period - Samuel Pahlsson wins face-off versus Derek Stepan in neutral zone.
0:03 of 2nd period - Minor Penalty to Samuel Pahlsson for Slashing.
0:04 of 2nd period - Derek Stepan wins face-off versus Brandon Mashinter in Thunder zone.
0:30 of 2nd period - Brandon Mashinter is hit by Oskar Osala and loses puck.
2:03 of 2nd period - Penalty to Samuel Pahlsson is over, Samuel Pahlsson is back on ice.
2:19 of 2nd period - Brandon Mashinter is hit by Kyle Clifford.
3:26 of 2nd period - Derek Peltier is hit by Josh Bailey and loses puck.
6:10 of 2nd period - Minor Penalty to Jake Gardiner for Hooking.
6:11 of 2nd period - Kevin Porter wins face-off versus Samuel Pahlsson in Sasquatch zone.
6:16 of 2nd period - Wrist shot by Pierre-Alexandre Parenteau.
6:16 of 2nd period - Stopped by Marek Schwarz with a rebound.
6:18 of 2nd period - Snap shot by Pierre-Alexandre Parenteau.
6:18 of 2nd period - Stopped by Marek Schwarz with a rebound.
6:20 of 2nd period - Snap shot by Pierre-Alexandre Parenteau.
6:20 of 2nd period - Stopped by Marek Schwarz without a rebound.
6:21 of 2nd period - Kevin Porter wins face-off versus Samuel Pahlsson in Sasquatch zone.
6:59 of 2nd period - Wrist shot by Pierre-Alexandre Parenteau.
6:59 of 2nd period - Shot Misses the Net.
7:05 of 2nd period - Snap shot by Samuel Pahlsson.
7:05 of 2nd period - Deflect By Pierre-Alexandre Parenteau.
7:05 of 2nd period - Shot Blocked by Kevin Porter.
7:05 of 2nd period - Puck is out of play.
7:06 of 2nd period - Tom Pyatt wins face-off versus Brandon Bochenski in Sasquatch zone.
7:09 of 2nd period - Backhand shot by Matt D'Agostini.
7:09 of 2nd period - Shot Misses the Net.
7:39 of 2nd period - D.J King is hit by Scott Parse and loses puck.
7:50 of 2nd period - Wrist shot by Brandon Bochenski.
7:50 of 2nd period - Shot Misses the Net.
8:08 of 2nd period - Snap shot by Pierre-Alexandre Parenteau.
8:08 of 2nd period - Stopped by Marek Schwarz without a rebound.
8:09 of 2nd period - Stephane Da Costa wins face-off versus Tom Pyatt in Sasquatch zone.
8:10 of 2nd period - Penalty to Jake Gardiner is over, Jake Gardiner is back on ice.
8:13 of 2nd period - Off-side.
8:14 of 2nd period - Tom Pyatt wins face-off versus Derek Stepan in neutral zone.
8:17 of 2nd period - Snap shot by Tom Pyatt.
8:17 of 2nd period - Stopped by Marek Schwarz without a rebound.
8:18 of 2nd period - Tom Pyatt wins face-off versus Derek Stepan in Sasquatch zone.
8:51 of 2nd period - Wrist shot by Stephane Da Costa.
8:51 of 2nd period - Stopped by Ben Bishop with a rebound.
8:53 of 2nd period - Backhand shot by Kyle Clifford.
8:53 of 2nd period - Goal by Kyle Clifford - Sasquatch : 1 - Thunder : 0.
8:54 of 2nd period - Derek Stepan wins face-off versus Samuel Pahlsson in neutral zone.
8:59 of 2nd period - Slapshot by Keith Yandle.
8:59 of 2nd period - Shot Misses the Net.
9:01 of 2nd period - Snap shot by Jake Gardiner.
9:01 of 2nd period - Stopped by Ben Bishop without a rebound.
9:02 of 2nd period - Samuel Pahlsson wins face-off versus Derek Stepan in Thunder zone.
10:09 of 2nd period - Wrist shot by Stephane Da Costa.
10:09 of 2nd period - Deflect By Cam Atkinson.
10:09 of 2nd period - Shot Misses the Net.
10:09 of 2nd period - Puck is out of play.
10:10 of 2nd period - Stephane Da Costa wins face-off versus Samuel Pahlsson in Thunder zone.
10:11 of 2nd period - Slapshot by Kyle Clifford.
10:11 of 2nd period - Stopped by Ben Bishop with a rebound.
10:21 of 2nd period - Slapshot by Derek Peltier.
10:21 of 2nd period - Shot Misses the Net.
10:23 of 2nd period - Snap shot by Samuel Pahlsson.
10:23 of 2nd period - Goal by Samuel Pahlsson - Sasquatch : 1 - Thunder : 1.
10:24 of 2nd period - Samuel Pahlsson wins face-off versus Derek Stepan in neutral zone.
10:31 of 2nd period - Wrist shot by Pierre-Alexandre Parenteau.
10:31 of 2nd period - Deflect By Samuel Pahlsson.
10:31 of 2nd period - Shot Blocked by Jake Gardiner.
10:31 of 2nd period - Puck is out of play.
10:32 of 2nd period - Derek Stepan wins face-off versus Samuel Pahlsson in Sasquatch zone.
11:01 of 2nd period - Snap shot by Oskar Osala.
11:01 of 2nd period - Stopped by Ben Bishop with a rebound.
11:07 of 2nd period - Snap shot by Kevin Porter.
11:07 of 2nd period - Shot Blocked by Derek Peltier.
11:19 of 2nd period - Snap shot by Josh Bailey.
11:19 of 2nd period - Goal by Josh Bailey - Sasquatch : 2 - Thunder : 1.
11:20 of 2nd period - Samuel Pahlsson wins face-off versus Derek Stepan in neutral zone.
11:23 of 2nd period - Slapshot by Pierre-Alexandre Parenteau.
11:23 of 2nd period - Shot Misses the Net.
11:32 of 2nd period - Icing by Tim Gleason.
11:33 of 2nd period - Samuel Pahlsson wins face-off versus Derek Stepan in Thunder zone.
11:43 of 2nd period - Icing by Tim Gleason.
11:44 of 2nd period - Derek Stepan wins face-off versus Scott Parse in Thunder zone.
11:58 of 2nd period - Snap shot by Jakub Voracek.
11:58 of 2nd period - Deflect By D.J King.
11:58 of 2nd period - Stopped by Ben Bishop with a rebound.
12:14 of 2nd period - Jake Gardiner is hit by Dany Roussin and loses puck.
12:39 of 2nd period - Wrist shot by Robin Leblanc.
12:39 of 2nd period - Stopped by Marek Schwarz without a rebound.
12:40 of 2nd period - Derek Stepan wins face-off versus Brandon Mashinter in Sasquatch zone.
13:01 of 2nd period - Wrist shot by Robin Leblanc.
13:01 of 2nd period - Shot Misses the Net.
13:03 of 2nd period - Snap shot by Casey Pierro-Zabotel.
13:03 of 2nd period - Shot Misses the Net.
13:09 of 2nd period - Snap shot by Kyle Clifford.
13:09 of 2nd period - Goal by Kyle Clifford - Sasquatch : 3 - Thunder : 1.
13:10 of 2nd period - Samuel Pahlsson wins face-off versus Derek Stepan in neutral zone.
13:25 of 2nd period - Joe Corvo is hit by Tim Gleason and loses puck.
13:37 of 2nd period - Off-side.
13:38 of 2nd period - Kevin Porter wins face-off versus Matt D'Agostini in neutral zone.
14:40 of 2nd period - Slapshot by Derek Peltier.
14:40 of 2nd period - Stopped by Marek Schwarz without a rebound.
14:41 of 2nd period - Derek Stepan wins face-off versus Samuel Pahlsson in Sasquatch zone.
14:48 of 2nd period - Snap shot by D.J King.
14:48 of 2nd period - Stopped by Ben Bishop without a rebound.
14:49 of 2nd period - Samuel Pahlsson wins face-off versus Derek Stepan in Thunder zone.
15:11 of 2nd period - Icing by Tim Gleason.
15:12 of 2nd period - Samuel Pahlsson wins face-off versus Stephane Da Costa in Thunder zone.
15:45 of 2nd period - Wrist shot by D.J King.
15:45 of 2nd period - Shot Blocked by Samuel Pahlsson.
15:47 of 2nd period - Snap shot by D.J King.
15:47 of 2nd period - Stopped by Ben Bishop with a rebound.
17:33 of 2nd period - Wrist shot by Samuel Pahlsson.
17:33 of 2nd period - Stopped by Marek Schwarz without a rebound.
17:34 of 2nd period - Luke Adam wins face-off versus Tom Pyatt in Sasquatch zone.
17:47 of 2nd period - Snap shot by Matt Frattin.
17:47 of 2nd period - Shot Misses the Net.
17:49 of 2nd period - Snap shot by Matt Frattin.
17:49 of 2nd period - Stopped by Ben Bishop without a rebound.
17:50 of 2nd period - Samuel Pahlsson wins face-off versus Derek Stepan in Thunder zone.
17:52 of 2nd period - Icing by Tim Gleason.
17:53 of 2nd period - Samuel Pahlsson wins face-off versus Derek Stepan in Thunder zone.
17:53 of 2nd period - Samuel Pahlsson is hit by Derek Stepan.
18:03 of 2nd period - Wrist shot by Doug Janik.
18:03 of 2nd period - Deflect By Pierre-Alexandre Parenteau.
18:03 of 2nd period - Shot Misses the Net.
18:03 of 2nd period - Puck is out of play.
18:04 of 2nd period - Derek Stepan wins face-off versus Samuel Pahlsson in Sasquatch zone.
18:04 of 2nd period - Derek Stepan is hit by Scott Parse.
18:07 of 2nd period - Minor Penalty to Jakub Voracek for Tripping.
18:08 of 2nd period - Kevin Porter wins face-off versus Samuel Pahlsson in Sasquatch zone.
18:24 of 2nd period - Backhand shot by Pierre-Alexandre Parenteau.
18:24 of 2nd period - Stopped by Marek Schwarz with a rebound.
18:40 of 2nd period - D.J King is hit by Dany Roussin and loses puck.
19:35 of 2nd period - Samuel Pahlsson is hit by Kyle Clifford and loses puck.
19:49 of 2nd period - Icing by Dany Roussin.
19:50 of 2nd period - Brandon Bochenski wins face-off versus Tom Pyatt in Thunder zone.
Goals for this period are 3 for Sasquatch vs 1 for Thunder.
Shots for this period are 11 for Sasquatch vs 10 for Thunder.

3rd period


0:01 of 3rd period - Kevin Porter wins face-off versus Samuel Pahlsson in neutral zone.
0:07 of 3rd period - Penalty to Jakub Voracek is over, Jakub Voracek is back on ice.
0:34 of 3rd period - Snap shot by Samuel Pahlsson.
0:34 of 3rd period - Shot Blocked by Joe Corvo.
0:36 of 3rd period - Wrist shot by Samuel Pahlsson.
0:36 of 3rd period - Stopped by Marek Schwarz with a rebound.
0:38 of 3rd period - Slapshot by Tim Gleason.
0:38 of 3rd period - Shot Blocked by Jakub Voracek.
0:40 of 3rd period - Snap shot by Scott Parse.
0:40 of 3rd period - Shot Blocked by Jakub Voracek.
0:42 of 3rd period - Wrist shot by Doug Janik.
0:42 of 3rd period - Stopped by Marek Schwarz without a rebound.
0:43 of 3rd period - Tom Pyatt wins face-off versus Stephane Da Costa in Sasquatch zone.
0:44 of 3rd period - Snap shot by Dany Roussin.
0:44 of 3rd period - Shot Misses the Net.
1:09 of 3rd period - Minor Penalty to Matt Niskanen for Hooking.
1:10 of 3rd period - Samuel Pahlsson wins face-off versus Kevin Porter in Sasquatch zone.
1:11 of 3rd period - Wrist shot by Pierre-Alexandre Parenteau.
1:11 of 3rd period - Shot Misses the Net.
1:13 of 3rd period - Slapshot by Tim Gleason.
1:13 of 3rd period - Stopped by Marek Schwarz without a rebound.
1:14 of 3rd period - Samuel Pahlsson wins face-off versus Kevin Porter in Sasquatch zone.
1:17 of 3rd period - Snap shot by Samuel Pahlsson.
1:17 of 3rd period - Deflect By Pierre-Alexandre Parenteau.
1:17 of 3rd period - Shot Misses the Net.
1:17 of 3rd period - Puck is out of play.
1:18 of 3rd period - Samuel Pahlsson wins face-off versus Kevin Porter in Sasquatch zone.
1:33 of 3rd period - Slapshot by Tim Gleason.
1:33 of 3rd period - Shot Misses the Net.
3:09 of 3rd period - Penalty to Matt Niskanen is over, Matt Niskanen is back on ice.
3:14 of 3rd period - Icing by Derek Stepan.
3:15 of 3rd period - Brandon Mashinter wins face-off versus Derek Stepan in Sasquatch zone.
3:16 of 3rd period - Slapshot by Robin Leblanc.
3:16 of 3rd period - Shot Misses the Net.
3:18 of 3rd period - Wrist shot by Brandon Mashinter.
3:18 of 3rd period - Shot Misses the Net.
3:20 of 3rd period - Slapshot by Slava Voynov.
3:20 of 3rd period - Stopped by Marek Schwarz without a rebound.
3:21 of 3rd period - Brandon Mashinter wins face-off versus Derek Stepan in Sasquatch zone.
3:34 of 3rd period - Wrist shot by Jakub Voracek.
3:34 of 3rd period - Shot Misses the Net.
3:52 of 3rd period - Wrist shot by Tom Pyatt.
3:52 of 3rd period - Stopped by Marek Schwarz without a rebound.
3:53 of 3rd period - Samuel Pahlsson wins face-off versus Kevin Porter in Sasquatch zone.
3:56 of 3rd period - Snap shot by Samuel Pahlsson.
3:56 of 3rd period - Shot Blocked by Brandon Bochenski.
3:58 of 3rd period - Wrist shot by Pierre-Alexandre Parenteau.
3:58 of 3rd period - Deflect By Samuel Pahlsson.
3:58 of 3rd period - Shot Blocked by Oskar Osala.
3:58 of 3rd period - Puck is out of play.
3:59 of 3rd period - Samuel Pahlsson wins face-off versus Kevin Porter in Sasquatch zone.
4:10 of 3rd period - Slapshot by Tim Gleason.
4:10 of 3rd period - Stopped by Marek Schwarz without a rebound.
4:11 of 3rd period - Samuel Pahlsson wins face-off versus Derek Stepan in Sasquatch zone.
4:39 of 3rd period - Double Minor Penalty to Oskar Osala for High sticking.
4:40 of 3rd period - Samuel Pahlsson wins face-off versus Kevin Porter in Sasquatch zone.
4:41 of 3rd period - Slapshot by Tim Gleason.
4:41 of 3rd period - Shot Blocked by Joe Corvo.
5:05 of 3rd period - D.J King is hit by Doug Janik.
5:13 of 3rd period - Backhand shot by Dany Roussin.
5:13 of 3rd period - Shot Blocked by Joe Corvo.
7:43 of 3rd period - Kyle Clifford is hit by Casey Pierro-Zabotel.
7:53 of 3rd period - Kyle Clifford is hit by Tom Pyatt and loses puck.
8:28 of 3rd period - Snap shot by Casey Pierro-Zabotel.
8:28 of 3rd period - Shot Misses the Net.
8:30 of 3rd period - Slapshot by Robin Leblanc.
8:30 of 3rd period - Stopped by Marek Schwarz without a rebound.
8:31 of 3rd period - Kevin Porter wins face-off versus Robin Leblanc in Sasquatch zone.
8:39 of 3rd period - Penalty to Oskar Osala is over, Oskar Osala is back on ice.
8:51 of 3rd period - Casey Pierro-Zabotel is hit by Josh Bailey and loses puck.
9:08 of 3rd period - Jakub Voracek is hit by Jannik Hansen and loses puck.
9:25 of 3rd period - Stephane Da Costa is hit by Dany Roussin and loses puck.
11:04 of 3rd period - Minor Penalty to Nick Leddy for Tripping.
11:05 of 3rd period - Kevin Porter wins face-off versus Samuel Pahlsson in Sasquatch zone.
11:38 of 3rd period - Slapshot by Doug Janik.
11:38 of 3rd period - Shot Blocked by Oskar Osala.
13:04 of 3rd period - Penalty to Nick Leddy is over, Nick Leddy is back on ice.
13:19 of 3rd period - Oskar Osala is hit by Robin Leblanc and loses puck.
14:08 of 3rd period - Pierre-Alexandre Parenteau is hit by Josh Bailey and loses puck.
14:47 of 3rd period - Matt D'Agostini is hit by Yann Sauvé and loses puck.
15:02 of 3rd period - Daultan Leveillé is hit by Jake Gardiner.
16:20 of 3rd period - Doug Janik is hit by Stephane Da Costa and loses puck.
Goals for this period are 0 for Sasquatch vs 0 for Thunder.
Shots for this period are 0 for Sasquatch vs 7 for Thunder.


Output by the SimonT Hockey Simulator (STHS) for François Prévost -- Original Page W3C XHTML 1.0 Valid
Hockey Simulator - Hockey Simulation - Hockey Manager